 Dungeon Crawl Stone Soup version 0.30-b1-2-g02819fbbbe (webtiles) character file.

Game seed: 10249905366612448919

507 Angani the Covert (level 7, -9/60 HPs)
             Began as a Gnoll Delver on May 11, 2023.
             Was an Initiate of Uskayaw.
             Mangled by a gnoll sergeant
             ... wielding a +4 trident of freezing
              (11 damage)
             ... on level 5 of the Dungeon.
             The game lasted 00:06:33 (3640 turns).

Angani the Covert (Gnoll Delver)                    Turns: 3640, Time: 00:06:33

Health: -9/60      AC:  6    Str: 11    XL:     7   Next: 18%
Magic:  1/10       EV: 12    Int: 12    God:    Uskayaw [......]
Gold:   213        SH:  0    Dex: 13    Spells: 10/10 levels left

rFire   . . .        v - +5 whip
rCold   . . .        (no shield)
rNeg    + . .        n - +0 ring mail
rPois   .            (no helmet)
rElec   .            o - +0 cloak
rCorr   .            (no gloves)
SInv    .            (no boots)
Will    .....        (no amulet)
Stlth   ++++         p - ring of positive energy
HPRegen 0.30/turn    (no ring)
MPRegen 0.12/turn

%: no passive effects
@: no status effects
A: fangs 1, strong nose, distributed training
a: Renounce Religion


You were on level 5 of the Dungeon.
You worshipped Uskayaw.
Uskayaw was noncommittal.
You visited 1 branch of the dungeon, and saw 5 of its levels.

You collected 213 gold pieces.

Inventory:

Hand Weapons
 v - a +5 whip (weapon)
Armour
 b - a +0 leather armour
 n - a +0 ring mail (worn)
 o - a +0 cloak (worn)
Jewellery
 p - a ring of positive energy (left hand)
Wands
 g - a wand of digging (3)
Scrolls
 c - 3 scrolls of fog
 d - a scroll of magic mapping
 e - 2 scrolls of fear
 h - 7 scrolls of identify {unknown}
 i - 4 scrolls of butterflies {unknown}
 l - 2 scrolls of noise {unknown}
 m - 2 scrolls of blinking {unknown}
 q - a scroll of immolation {unknown}
 r - a scroll of poison {unknown}
 t - a scroll of amnesia {unknown}
 x - 2 scrolls of teleportation {unknown}
 y - a scroll of silence {unknown}
Potions
 a - a potion of brilliance {unknown}
 f - a potion of haste
 j - 3 potions of curing {unknown}
 k - 2 potions of resistance {unknown}
 s - a potion of lignification {unknown}
 u - a potion of degeneration {unknown}
 w - a potion of invisibility {unknown}
 z - a potion of ambrosia {unknown}
 A - a potion of cancellation {unknown}


   Skills:
 + Level 7.0 Fighting
 + Level 2.4 Short Blades
 + Level 2.4 Long Blades
 + Level 2.4 Axes
 + Level 2.4 Maces & Flails
 + Level 5.2 Polearms
 + Level 2.4 Staves
 + Level 2.4 Ranged Weapons
 + Level 2.4 Throwing
 + Level 2.4 Armour
 + Level 5.2 Dodging
 + Level 9.9 Stealth
 + Level 2.4 Shields
 + Level 2.4 Unarmed Combat
 + Level 2.4 Spellcasting
 + Level 2.0 Conjurations
 + Level 2.0 Hexes
 + Level 2.0 Summonings
 + Level 2.0 Necromancy
 + Level 2.0 Translocations
 + Level 2.0 Transmutations
 + Level 2.0 Fire Magic
 + Level 2.0 Ice Magic
 + Level 2.0 Air Magic
 + Level 2.0 Earth Magic
 + Level 2.0 Poison Magic
 + Level 2.7 Invocations
 + Level 2.4 Evocations


You had 10 spell levels left.
You didn't know any spells.
Your spell library contained the following spells:

 Spells                   Type           Power      Damage    Failure   Level
 Summon Small Mammal      Summ           24%        N/A       26%         1
 Call Canine Familiar     Summ           6%         N/A       63%         3
 Summon Guardian Golem    Hex/Summ       6%         N/A       63%         3


Dungeon Overview and Level Annotations

Branches:
Dungeon (5/15)
 Temple: D:4-7

Altars:
Makhleb
Uskayaw

Annotations:
D:4 Grinder


Innate Abilities, Weirdness & Mutations

You have very sharp teeth.
Your uncanny sense of smell can sniff out nearby items.
Your experience applies equally to all skills.


Message History

Your Transmutations skill increases to level 2!
Your Fire Magic skill increases to level 2!
Your Ice Magic skill increases to level 2!
Your Air Magic skill increases to level 2!
Your Earth Magic skill increases to level 2!
Your Poison Magic skill increases to level 2!
The gnoll barely misses you.
The gnoll sergeant hits you with a +4 trident of freezing.
The gnoll sergeant freezes you. The gnoll barely misses you.
You stomp with the beat, sending a shockwave through the revellers around you!
The gnoll sergeant is moderately wounded.
You kill the gnoll!
The gnoll is heavily wounded.
You can no longer stomp with the beat.
The gnoll sergeant hits you with a +4 trident of freezing!
* * * LOW HITPOINT WARNING * * *
The gnoll sergeant freezes you.
* * * LOW HITPOINT WARNING * * *
The gnoll closely misses you.
Unknown command.
You hit the gnoll sergeant.
The gnoll sergeant is moderately wounded.
The gnoll sergeant closely misses you. The gnoll hits you with a +0 flail.
* * * LOW HITPOINT WARNING * * *
You can now stomp with the beat.
Unknown command.
You stomp with the beat, sending a shockwave through the revellers around you!
The gnoll sergeant is severely wounded.
The gnoll is almost dead.
You can no longer stomp with the beat.
The gnoll sergeant hits you with a +4 trident of freezing.
* * * LOW HITPOINT WARNING * * *
The gnoll sergeant freezes you.
* * * LOW HITPOINT WARNING * * *
The gnoll barely misses you.
You hit the gnoll sergeant but do no damage.
You bite the gnoll sergeant, but do no damage.
The gnoll sergeant is severely wounded.
The gnoll sergeant hits you with a +4 trident of freezing!
You die...

#... ∆ #######..##
........... ..
.......... ...
.........# #.# ###
.........# #.# ...
........g# #.###.##
......g@.###.......
........)......#.#
.................#
.......)..##.###.#
.................#
####..#..........#
....#.#.##.#...#
###...#.##.#...#
∆............#


You could see a gnoll sergeant and a gnoll.

Vanquished Creatures
  Eustachio (D:4)
  A phantom (D:5)
  2 hounds (D:4)
  A sleepcap (D:4)
  5 gnolls
  7 adders
  An ufetubus (D:4)
  2 worms
  3 dart slugs
  4 orcs
  2 endoplasms
  A giant cockroach (D:1)
  8 goblins
  7 hobgoblins
  4 quokkas
  7 ball pythons
  6 bats
  A frilled lizard (D:2)
  7 kobolds
  8 rats
78 creatures vanquished.

Vanquished Creatures (others)
  2 fungi (D:1)
  3 plants (D:1)
  A withered plant (D:1)
6 creatures vanquished.

Grand Total: 84 creatures vanquished

Notes
Turn   | Place    | Note
-------+----------+-------------------------------------------
     0 | D:5      | Reached skill level 9 in Stealth
     0 | D:5      | Angani the Gnoll Delver began the quest for the Orb.
     0 | D:5      | Reached XP level 1. HP: 23/23 MP: 1/1
    10 | D:4      | Noticed a sleepcap
    22 | D:5      | Noticed a phantom
    37 | D:4      | Found a burning altar of Makhleb.
    41 | D:4      | Noticed a hound
    91 | D:4      | Reached XP level 2. HP: 14/29 MP: 2/2
   284 | D:2      | Reached XP level 3. HP: 34/35 MP: 2/4
   373 | D:2      | Reached skill level 1 in Invocations
   628 | D:2      | Reached skill level 1 in Short Blades
   628 | D:2      | Reached skill level 1 in Long Blades
   628 | D:2      | Reached skill level 1 in Axes
   628 | D:2      | Reached skill level 1 in Maces & Flails
   628 | D:2      | Reached skill level 1 in Staves
   628 | D:2      | Reached skill level 1 in Ranged Weapons
   628 | D:2      | Reached skill level 1 in Throwing
   628 | D:2      | Reached skill level 1 in Armour
   628 | D:2      | Reached skill level 1 in Shields
   628 | D:2      | Reached skill level 1 in Unarmed Combat
   628 | D:2      | Reached skill level 1 in Spellcasting
   628 | D:2      | Reached skill level 1 in Evocations
   715 | D:2      | Reached XP level 4. HP: 41/41 MP: 5/5
  1002 | D:1      | Found a faded altar of an unknown god.
  1023 | D:1      | Prayed at the altar of an unknown god.
  1023 | D:1      | Became a worshipper of Uskayaw the Reveller
  1023 | D:1      | Reached * piety under Uskayaw
  1028 | D:1      | Reached ** piety under Uskayaw
  1169 | D:1      | Reached skill level 1 in Conjurations
  1169 | D:1      | Reached skill level 1 in Hexes
  1169 | D:1      | Reached skill level 1 in Summonings
  1169 | D:1      | Reached skill level 1 in Necromancy
  1169 | D:1      | Reached skill level 1 in Translocations
  1169 | D:1      | Reached skill level 1 in Transmutations
  1169 | D:1      | Reached skill level 1 in Fire Magic
  1169 | D:1      | Reached skill level 1 in Ice Magic
  1169 | D:1      | Reached skill level 1 in Air Magic
  1169 | D:1      | Reached skill level 1 in Earth Magic
  1169 | D:1      | Reached skill level 1 in Poison Magic
  2273 | D:3      | Reached XP level 5. HP: 32/47 MP: 0/7
  2983 | D:4      | Noticed Eustachio
  3122 | D:4      | Killed Eustachio
  3123 | D:4      | Reached skill level 5 in Polearms
  3123 | D:4      | Reached skill level 5 in Dodging
  3123 | D:4      | Reached XP level 6. HP: 43/53 MP: 1/9
  3431 | D:4      | Noticed Grinder
  3564 | D:5      | Reached XP level 7. HP: 47/60 MP: 4/10
  3639 | D:5      | HP: 3/60 [gnoll sergeant/+4 trident of freezing (3)]
  3640 | D:5      | Mangled by a gnoll sergeant

Illustrated notes

Levels and vault maps discovered:
D:1:      minmay_arrival_solitary_statue, layout_rooms,
          shapermc_ecumenical_altar_gd
D:2:      layout_loops_corners, minmay_fountain_box, minmay_pentomino_pile
D:3:      layout_loops_ring, minmay_ruptured
D:4:      layout_basic, old_standard_altar, uniq_grinder, uniq_eustachio
D:5:      layout_basic, serial_shops, shop, kennysheep_path_1, kennysheep_dice

Skill      XL: |  1  2  3  4  5  6  7 |
---------------+----------------------+-----
Stealth        | |  9.9
Invocations    | 1 2 |  2.7
Short Blades   | 1 2 |  2.4
Long Blades    | 1 2 |  2.4
Axes           | 1 2 |  2.4
Maces & Flails | 1 2 |  2.4
Staves         | 1 2 |  2.4
Ranged Weapons | 1 2 |  2.4
Throwing       | 1 2 |  2.4
Armour         | 1 2 |  2.4
Shields        | 1 2 |  2.4
Unarmed Combat | 1 2 |  2.4
Spellcasting   | 1 2 |  2.4
Evocations     | 1 2 |  2.4
Conjurations   | 1 2 |  2.0
Hexes          | 1 2 |  2.0
Summonings     | 1 2 |  2.0
Necromancy     | 1 2 |  2.0
Translocations | 1 2 |  2.0
Transmutations | 1 2 |  2.0
Fire Magic     | 1 2 |  2.0
Ice Magic      | 1 2 |  2.0
Air Magic      | 1 2 |  2.0
Earth Magic    | 1 2 |  2.0
Poison Magic   | 1 2 |  2.0
Polearms       | 5 |  5.2
Dodging        | 5 |  5.2
Fighting       | 7 |  7.0

Action                     |  1- 3 |  4- 6 |  7- 9 || total
---------------------------+-------+-------+-------++-------
  Melee: Spear             |    84 |   235 |       ||   319
         Punch             |     1 |     5 |       ||     6
         Bite              |     3 |    23 |     1 ||    27
         Whip              |       |    23 |     4 ||    27
 Invoke: Stomp             |       |    13 |     3 ||    16
   Stab: Sleeping          |     9 |    16 |       ||    25
 Armour: Leather armour    |    12 |    12 |       ||    24
         Ring mail         |       |    38 |       ||    38
  Dodge: Dodged            |    48 |   131 |     5 ||   184
